 Dungeon Crawl Stone Soup version 0.23-a0-622-g59b4ea9 (webtiles) character file.

118 ohad the Chopper (level 5, -8/42 HPs)
             Began as a Hill Orc Gladiator on Dec 23, 2018.
             Was an Initiate of Gozag.
             Mangled by a gnoll
             ... wielding a +0 halberd
              (16 damage)
             ... on level 3 of the Dungeon.
             The game lasted 00:05:45 (1827 turns).

ohad the Chopper (Hill Orc Gladiator)               Turns: 1827, Time: 00:05:47

Health: -8/42      AC:  8    Str: 17    XL:     5   Next: 2%
Magic:  5/5        EV: 12    Int:  8    God:    Gozag
Gold:   193        SH:  0    Dex: 13    Spells: 4/4 levels left

rFire    . . .     SeeInvis .   a - +0 war axe
rCold    . . .     Gourm    .   (no shield)
rNeg     . . .     Faith    .   b - +0 leather armour
rPois    .         Spirit   .   c - +0 helmet
rElec    .         Reflect  .   u - +0 cloak
rCorr    .         Harm     .   l - +0 pair of gloves
MR       .....                  (no boots)
Stlth    +.........             (no amulet)
HPRegen  0.14/turn              (no ring)
MPRegen  0.09/turn              p - +2 ring of protection

@: gold aura
A: no striking features
a: Potion Petition, Call Merchant, Bribe Branch, Renounce Religion


You were on level 3 of the Dungeon.
You worshipped Gozag.
Gozag was aware of your devotion.
You were very hungry.

You visited 1 branch of the dungeon, and saw 3 of its levels.

You collected 223 gold pieces.
You paid 30 gold pieces to Gozag.

Inventory:

Hand Weapons
 a - a +0 war axe (weapon)
Missiles
 d - 3 throwing nets (quivered)
 i - 27 bolts
Armour
 b - a +0 leather armour (worn)
 c - a +0 helmet (worn)
 l - a +0 pair of gloves (worn)
 q - a +0 large shield
 u - a +0 cloak (worn)
Jewellery
 m - an uncursed ring of fire
 p - a +2 ring of protection (right hand)
Wands
 r - a wand of acid (7)
 v - a wand of iceblast (8)
 w - a wand of disintegration (6)
Scrolls
 g - a scroll of immolation {unknown}
 h - a scroll of remove curse {unknown}
 n - 2 scrolls of amnesia {unknown}
 o - a scroll of teleportation {unknown}
 t - a scroll of fog {unknown}
Potions
 e - 4 potions of curing {unknown}
 j - a potion of agility {unknown}
 k - a potion of haste {unknown}
 s - 2 potions of cancellation {unknown}
Comestibles
 f - a ration


   Skills:
 - Level 2.4 Fighting
 + Level 7.3 Axes
 - Level 1.7 Throwing
 - Level 2.4 Dodging


You had 4 spell levels left.
You didn't know any spells.
Your spell library was empty.

Dungeon Overview and Level Annotations

Branches:
Dungeon (3/15)

Altars:
Gozag
Hepliaklqana
Uskayaw
Xom

Annotations:
D:3 Grinder


Message History

You feel stronger.
The gnoll hits you from afar with a +0 spear.
The gnoll barely misses you.
You are too injured to fight recklessly!
You are too injured to fight recklessly!
You are too injured to fight recklessly!
The gnoll misses you. The gnoll hits you with a +0 spear. The gnoll misses you.
You see here 7 gold pieces.
You barely miss the gnoll. You hit the gnoll. The gnoll misses you.
The gnoll hits you with a +0 spear. The gnoll barely misses you.
You hit the gnoll but do no damage. You hit the gnoll.
The gnoll barely misses you. The gnoll hits you with a +0 spear.
The gnoll completely misses you.
You closely miss the gnoll. You barely miss the gnoll.
The gnoll hits you with a +0 spear.
* * * LOW HITPOINT WARNING * * *
The gnoll barely misses you.
The gnoll hits you from afar with a +0 halberd!
You die...
Your body crumbles into a pile of gold.

#.........#
####.##...# #.# ###
#.# #.# #.########
#####.........
..##.##...#.######.#
....>gg@....#
..##.#g..........≈
#.........§.≈
##......#..≈≈
#####.....§§
#.#....§ #.##...§ +#
...


You could see 3 gnolls.

Vanquished Creatures
  A gnoll (D:3)
  3 adders (D:2)
  2 oozes
  6 dart slugs
  A leopard gecko (D:2)
  An orc (D:3)
  8 bats
  5 giant cockroaches
  4 goblins
  6 hobgoblins
  3 jackals (D:2)
  7 kobolds
  3 ball pythons
  6 frilled lizards
  6 rats
62 creatures vanquished.

Notes
Turn   | Place    | Note
-------+----------+-------------------------------------------
     0 | D:1      | ohad the Hill Orc Gladiator began the quest for the Orb.
     0 | D:1      | Reached XP level 1. HP: 18/18 MP: 1/1
   102 | D:1      | Reached XP level 2. HP: 25/25 MP: 2/2
   160 | D:1      | Reached skill level 5 in Axes
   375 | D:1      | Reached XP level 3. HP: 30/30 MP: 3/3
   925 | D:2      | Reached skill level 6 in Axes
   933 | D:2      | Reached XP level 4. HP: 28/37 MP: 4/4
  1147 | D:2      | Found a hazy altar of Hepliaklqana.
  1287 | D:2      | Found a hide-covered altar of Uskayaw.
  1287 | D:2      | Found an opulent altar of Gozag.
  1292 | D:2      | Became a worshipper of Gozag Ym Sagoz the Greedy
  1407 | D:2      | Reached skill level 7 in Axes
  1513 | D:3      | Noticed Grinder
  1759 | D:3      | Found a shimmering altar of Xom.
  1823 | D:3      | Reached XP level 5. HP: 27/42 MP: 5/5
  1827 | D:3      | Mangled by a gnoll

Vault maps used:
D:1:      dpeg_arrival_simpleton_c, minmay_misc_feat_five, minmay_door_square
D:2:      old_standard_altar, gammafunk_temple_overflow_statue,
          hangedman_decor_clover_reticule
D:3:      xom_butterflies, nicolae_qazlal_general_emergency, uniq_grinder

Skill      XL: |  1  2  3  4 |
---------------+-------------+-----
Axes           | 5 6 7 |  7.3
Fighting       | |  2.4
Throwing       | |  1.7
Dodging        | |  2.4

Action                   |  1- 3 |  4- 6 || total
-------------------------+-------+-------++-------
Melee: War axe           |    97 |    74 ||   171
 Stab: Sleeping          |     1 |       ||     1
  Eat: Chunk             |       |     2 ||     2
Armor: Leather armour    |    33 |    35 ||    68
Dodge: Dodged            |    75 |    56 ||   131

Table legend:
 A = Non-vault XP
 B = Vault XP
 C = Vault XP percentage of total XP
 D = Non-vault monster count
 E = Vault monster count
 F = Vault count percentage of total count
                 A         B        C        D         E       F
            +---------+---------+-------+---------+---------+-------
      Total |     169 |       0 |   0.0 |      62 |       0 |   0.0
            +---------+---------+-------+---------+---------+-------
        D:1 |      47 |       0 |   0.0 |      23 |       0 |   0.0
        D:2 |      89 |       0 |   0.0 |      29 |       0 |   0.0
        D:3 |      33 |       0 |   0.0 |      10 |       0 |   0.0
            +---------+---------+-------+---------+---------+-------
